 Dungeon Crawl Stone Soup version 0.26.0-10-g1f06aea511 (webtiles) character file.

Game seed: 6777002352799560436

47397 Borgoz the Fighter (level 14, -2/126 HPs)
             Began as a Ghoul Gladiator on Jan 15, 2021.
             Was a Priest of Ashenzari.
             Slain by a cyan ugly thing (17 damage)
             ... on level 15 of the Dungeon.
             The game lasted 00:28:21 (13739 turns).

Borgoz the Fighter (Ghoul Gladiator)               Turns: 13739, Time: 00:28:21

Health: -2/126     AC: 11    Str: 19    XL:     14   Next: 41%
Magic:  15/15      EV: 20    Int:  3    God:    Ashenzari [***...]
Gold:   1852       SH:  0    Dex: 20    Spells: 11/16 levels left

rFire    . . .     SeeInvis +   a - +7 Singing Sword {vorpal, sonic wave} (curse)
rCold    + + .     Faith    .   (no shield)
rNeg     + + +     Spirit   .   g - +0 ring mail
rPois    ∞         Reflect  .   k - +1 hat
rElec    .         Harm     .   (no cloak)
rCorr    .         Rampage  .   r - +0 pair of gloves (curse)
Will     +....                  i - +0 pair of boots
Stlth    ++........             v - amulet of regeneration
HPRegen  0.00/turn              n - +6 ring of dexterity (curse)
MPRegen  0.14/turn              e - ring of protection from cold

@: studying 2 skills
A: claws 1, cold resistance 1, negative energy resistance 3, inhibited
regeneration, torment resistance, unbreathing
a: Renounce Religion, Curse Item, Scrying


You were on level 15 of the Dungeon.
You worshipped Ashenzari.
Ashenzari was most pleased with you.
You visited 2 branches of the dungeon, and saw 16 of its levels.
You also visited: Bailey and Ice Cave.

You collected 1852 gold pieces.

Inventory:

Hand Weapons
 a - the cursed +7 Singing Sword (weapon) {vorpal, sonic wave}
   (You found it on level 4 of the Dungeon)

   It inflicts extra damage upon your enemies.
   It has a curse placed upon it.
Missiles
 d - 3 throwing nets (quivered)
Armour
 g - a +0 ring mail (worn)
 i - a +0 pair of boots (worn)
 k - a +1 hat (worn)
 r - a cursed +0 pair of gloves (worn)
 I - a +1 leather armour of willpower
Jewellery
 b - a +6 ring of strength
 e - a ring of protection from cold (right hand)
 n - a cursed +6 ring of dexterity (left hand)
 v - an amulet of regeneration (around neck)
 A - a +4 ring of protection
 E - a +6 ring of dexterity
 L - an uncursed ring of ice
Wands
 m - a wand of paralysis (7)
 w - a wand of flame (25)
 B - a wand of iceblast (36)
 K - a wand of acid (5)
Scrolls
 f - 4 scrolls of magic mapping
 h - 7 scrolls of teleportation
 l - 2 scrolls of fog
 p - 7 scrolls of remove curse
 q - 3 scrolls of enchant armour
 s - 3 scrolls of identify
 t - 5 scrolls of enchant weapon
 u - 3 scrolls of fear
 y - 2 scrolls of torment
 D - 3 scrolls of blinking
 G - 2 scrolls of summoning
Potions
 c - 3 potions of curing
 j - 3 potions of resistance
 o - a potion of cancellation
 x - 2 potions of haste
 z - 2 potions of ambrosia
 C - 2 potions of might
 F - 3 potions of brilliance
 H - a potion of flight
Books
 J - a manual of Long Blades
 M - a manual of Ice Magic
 N - a manual of Ice Magic


   Skills:
 + Level 12.1 Fighting
 + Level 12.0(14.5) Long Blades
 - Level 1.7 Throwing
 * Level 11.2 Armour
 * Level 11.6 Dodging
 - Level 2.5 Stealth
 - Level 1.6 Spellcasting
 - Level 1.6 Hexes
 - Level 1.8 Translocations
 - Level 1.9 Evocations


You had 11 spell levels left.
You knew the following spells:

 Your Spells              Type           Power        Failure   Level
a - Confusing Touch       Hex            1%           77%         3
b - Blink                 Tloc           N/A          50%         2

Your spell library contained the following spells:

 Spells                   Type           Power        Failure   Level
 Apportation              Tloc           2%           36%         1
 Corona                   Hex            1%           38%         1
 Slow                     Hex            1%           52%         2
 Animate Skeleton         Necr           0%           63%         1
 Foxfire                  Conj/Fire      0%           63%         1
 Magic Dart               Conj           0%           63%         1
 Pain                     Necr           0%           63%         1
 Sting                    Tmut/Pois      0%           63%         1
 Summon Small Mammal      Summ           0%           63%         1
 Ensorcelled Hibernation  Hex/Ice        0%           65%         2
 Call Imp                 Summ           0%           77%         2
 Poisonous Vapours        Pois/Air       0%           77%         2
 Tukima's Dance           Hex            1%           77%         3
 Dazzling Flash           Conj/Hex       0%           86%         3
 Inner Flame              Hex/Fire       0%           86%         3
 Conjure Flame            Conj/Fire      0%           94%         3
 Ignite Poison            Fire/Tmut/Pois 0%           94%         3
 Mephitic Cloud           Conj/Pois/Air  0%           94%         3
 Vampiric Draining        Necr           0%           94%         3
 Cause Fear               Hex            0%           99%         4
 Animate Dead             Necr           0%           100%        4
 Olgreb's Toxic Radiance  Pois           0%           100%        4
 Sticky Flame             Conj/Fire      0%           100%        4
 Agony                    Necr           0%           100%        5
 Fireball                 Conj/Fire      0%           100%        5
 Silence                  Hex/Air        0%           100%        5
 Yara's Violent Unravell  Hex/Tmut       0%           100%        5
 Discord                  Hex            0%           100%        8


Dungeon Overview and Level Annotations

Branches:
Dungeon (15/15)            Temple (1/1) D:7            Lair (0/6) D:11
    Orc (0/2) D:11         Vaults (0/5) D:14         Depths (0/5) D:15
 Bailey (visited)           IceCv (visited)

Altars:
Ashenzari
Cheibriados
Dithmenos
Elyvilon
Fedhas
Gozag
Hepliaklqana
Kikubaaqudgha
Makhleb
Nemelex Xobeh
Okawaru
Qazlal
Ru
Sif Muna
Trog
Uskayaw
Vehumet
Wu Jian
Xom
Yredelemnul
Zin
The Shining One
Beogh


Innate Abilities, Weirdness & Mutations

You thrive by killing the living.
You are immune to poison.
You have sharp fingernails.
Your flesh is cold resistant. (rC+)
You are immune to negative energy. (rN+++)
You do not regenerate when monsters are visible.
You are immune to unholy pain and torment.
You can survive without breathing.


Message History

The white ugly thing is heavily wounded.
The white ugly thing tentacle-slaps you!
The white ugly thing freezes you! You resist.
You hit the white ugly thing.
The white ugly thing is heavily wounded.
You completely miss the cyan ugly thing.
The cyan ugly thing is lightly wounded.
You hit the cyan ugly thing.
The Singing Sword hums a slow and mournful tune.
You send a blast of sound all around you.
The cyan ugly thing is blasted.
The cyan ugly thing is moderately wounded. x2
The cyan ugly thing engulfs you!
* * * LOW HITPOINT WARNING * * *
The cyan ugly thing shocks you!
* * * LOW HITPOINT WARNING * * *
You feel better. The cyan ugly thing engulfs you!
* * * LOW HITPOINT WARNING * * *
The cyan ugly thing shocks you!
You die...

.#.. *
...#####.........
..##.* * * ,
##...........†..
## , , * *
#....#..........
* * * * *
*#.......####...
* ** ##...#..#*
*... #
####....#..# *...
# #...#..###...
... #
#########uu..###
#....## #
#.......@#..##
...##
#.###########
**,...# #.# , , *
#.# #.# #.######
#....#.# **
#......##### ,
##...#.....#


You could see 2 ugly things.

Vanquished Creatures
  An orc warlord (Bailey)
  An ettin (D:15)
  Erolcha (D:13)
  A centaur warrior (D:15)
  A hydra (D:9)
  A boulder beetle (D:13)
  2 dancing weapons (D:14)
  6 two-headed ogres
  An ogre mage (D:15)
  A deep troll (D:15)
  A wizard (D:15)
  Pikel (D:6)
  A deep elf mage (D:12)
  An orb spider (shapeshifter) (D:15)
  An ugly thing (D:15)
  A necromancer (IceCv)
  4 cyclopes
  A manticore (D:14)
  An ice statue (IceCv)
  2 centaur skeletons
  10 freezing wraiths (IceCv)
  A komodo dragon (D:15)
  Maggie (D:6)
  2 trolls (D:13)
  A wolf spider simulacrum (IceCv)
  A hornet (D:12)
  A harpy skeleton (D:14)
  30 yaks
  5 wyverns
  A basilisk (D:11)
  A fire elemental (D:12)
  A shadow (D:13)
  A vampire (D:12)
  2 humans (shapeshifter) (D:15)
  A vampire mosquito (D:12)
  Edmund (D:4)
  Menkaure (D:6)
  A soldier ant (D:11)
  An acid dragon (D:12)
  6 water moccasins
  7 orc warriors
  A hornet zombie (D:6)
  Duvessa (D:5)
  7 ice beasts
  The ghost of jt the Shield-Bearer, an amateur NaFi (D:4)
  2 necrophages
  2 black bears (D:6)
  3 sky beasts
  6 ogres
  A wolf (shapeshifter) (D:14)
  7 centaurs
  4 lemures (D:6)
  Blork the orc (D:6)
  7 bullfrogs
  Dowan (D:5)
  5 scorpions
  A water moccasin skeleton (D:10)
  9 wights
  2 elephant simulacra (IceCv)
  2 bullfrog zombies
  2 howler monkeys
  3 lava snakes (D:12)
  2 quasits
  5 draconian simulacra (IceCv)
  A bullfrog skeleton (D:9)
  2 jellies
  14 orc wizards
  10 orc priests
  2 hounds
  An iguana (D:12)
  8 worker ants
  A polar bear simulacrum (IceCv)
  3 spriggan simulacra (IceCv)
  4 troll simulacra (IceCv)
  A killer bee zombie (D:8)
  A centaur simulacrum (IceCv)
  A hound zombie (D:9)
  2 hound skeletons
  A howler monkey zombie (D:5)
  A worker ant zombie (D:10)
  9 adders
  4 gnolls
  2 ogre simulacra (IceCv)
  5 naga simulacra (IceCv)
  A shadow imp (D:7)
  28 white imps
  4 ufetubi
  An adder zombie (D:6)
  3 adder skeletons
  3 worms
  3 dart slugs
  6 leopard geckos
  61 orcs
  11 bats
  7 giant cockroaches
  10 hobgoblins
  4 jackals (D:7)
  25 kobolds
  8 quokkas
  6 ball pythons
  13 frilled lizards
  15 goblins
  A goblin skeleton (D:5)
  A goblin zombie (D:5)
  3 hobgoblin zombies (D:5)
  A kobold skeleton (D:5)
  2 kobold zombies (D:5)
  2 orc skeletons (D:5)
  11 rats
484 creatures vanquished.

Vanquished Creatures (others)
  20 fungi
  18 plants (D:11)
38 creatures vanquished.

Grand Total: 522 creatures vanquished

Notes
Turn   | Place    | Note
-------+----------+-------------------------------------------
     0 | D:1      | Borgoz the Ghoul Gladiator began the quest for the Orb.
     0 | D:1      | Reached XP level 1. HP: 17/17 MP: 0/0
   233 | D:1      | Reached XP level 2. HP: 19/25 MP: 1/1
   909 | D:1      | Reached XP level 3. HP: 30/30 MP: 2/2
  1573 | D:2      | Reached XP level 4. HP: 38/38 MP: 3/3
  1806 | D:2      | Reached skill level 1 in Armour
  2553 | D:3      | Reached XP level 5. HP: 45/45 MP: 4/4
  2667 | D:3      | Found a shimmering altar of Xom.
  2792 | D:4      | Reached XP level 6. HP: 36/52 MP: 5/5
  3075 | D:4      | Reached XP level 7. HP: 60/60 MP: 6/6
  3193 | D:4      | Found the +7 Singing Sword {vorpal, sonic wave}
  3281 | D:4      | Got a dazzling war axe
  3282 | D:4      | Identified the +7 war axe of the Spheres {drain, +Rage rC+
                  | rN+++ Dex-5} (You found it on level 4 of the Dungeon)
  3330 | D:4      | Noticed Edmund
  3337 | D:4      | Killed Edmund
  3452 | D:4      | Found an ancient bone altar of Kikubaaqudgha.
  3532 | D:4      | Found a runed translucent gate.
  3532 | D:4      | Found a runed translucent gate.
  3532 | D:4      | Found a runed translucent gate.
  3535 | D:4      | Noticed jt's ghost (amateur NaFi)
  3541 | D:4      | Found a roughly hewn altar of Beogh.
  3546 | D:4      | Reached skill level 5 in Fighting
  3960 | D:4      | Killed jt's ghost
  4066 | D:5      | Entered Level 5 of the Dungeon
  4072 | D:5      | Reached XP level 8. HP: 68/68 MP: 7/7
  4142 | D:5      | Noticed Duvessa
  4142 | D:5      | Noticed Dowan
  4147 | D:5      | Killed Duvessa
  4148 | D:5      | Reached skill level 5 in Long Blades
  4156 | D:5      | Killed Dowan
  4157 | D:5      | Reached skill level 5 in Dodging
  4229 | D:5      | Found a glowing golden altar of the Shining One.
  4484 | D:5      | Found a shimmering blue altar of Sif Muna.
  4610 | D:5      | Found a burning altar of Makhleb.
  4712 | D:6      | Found a white marble altar of Elyvilon.
  4712 | D:6      | Noticed Menkaure
  4715 | D:6      | Killed Menkaure
  4833 | D:6      | Noticed Maggie
  4838 | D:6      | Killed Maggie
  4839 | D:6      | Reached XP level 9. HP: 78/78 MP: 8/8
  4881 | D:6      | Reached skill level 5 in Armour
  4922 | D:6      | Found a bloodstained altar of Trog.
  4959 | D:6      | Found a hazy altar of Hepliaklqana.
  5335 | D:6      | Noticed Pikel
  5340 | D:6      | Killed Pikel
  5340 | D:6      | Noticed Blork the orc
  5348 | D:6      | Killed Blork the orc
  5390 | D:6      | Found a burning altar of Makhleb.
  5761 | D:7      | Found a staircase to the Ecumenical Temple.
  5960 | D:7      | Found a blossoming altar of Fedhas.
  6180 | Temple   | Entered the Ecumenical Temple
  6207 | Temple   | Became a worshipper of Ashenzari the Shackled
  6633 | D:8      | Learned a level 3 spell: Confusing Touch
  6646 | D:8      | Found a sacrificial altar of Ru.
  6670 | D:8      | Noticed a two-headed ogre
  6676 | D:8      | Killed a two-headed ogre
  6677 | D:8      | Reached XP level 10. HP: 58/88 MP: 9/9
  7251 | D:9      | Found a radiant altar of Vehumet.
  7389 | D:9      | Learned a level 2 spell: Blink
  7413 | D:9      | Found a shimmering altar of Xom.
  7414 | D:9      | Found a shimmering altar of Xom.
  7414 | D:9      | Found a shimmering altar of Xom.
  7414 | D:9      | Found a shimmering altar of Xom.
  7414 | D:9      | Found a shimmering altar of Xom.
  7414 | D:9      | Found a shimmering altar of Xom.
  7556 | D:9      | Noticed an eight-headed hydra
  7565 | D:9      | Killed a 13-headed hydra
  7820 | D:9      | Reached * piety under Ashenzari
  7825 | D:9      | Found a stormy altar of Qazlal.
  7892 | D:9      | Found a shadowy altar of Dithmenos.
  7892 | D:9      | Found a glowing silver altar of Zin.
  8267 | D:9      | Noticed a water nymph
  8371 | D:9      | Noticed a fire crab
  8371 | D:9      | a shapeshifter changed into a fire crab
  8400 | D:10     | Entered Level 10 of the Dungeon
  9077 | D:10     | Reached XP level 11. HP: 89/97 MP: 10/10
  9156 | D:11     | Found a staircase to the Orcish Mines.
  9292 | D:11     | Reached skill level 10 in Fighting
  9443 | D:11     | Found a staircase to the Lair.
  9450 | D:11     | Noticed a two-headed ogre
  9456 | D:11     | Killed a two-headed ogre
  9489 | D:11     | Reached ** piety under Ashenzari
  9655 | D:12     | Noticed a deep elf mage
  9663 | D:12     | Killed a deep elf mage
  9743 | D:12     | Noticed a cyclops
  9751 | D:12     | Killed a cyclops
  9795 | D:12     | Found a flagged portal.
  9805 | Bailey   | Entered a bailey
  9810 | Bailey   | Noticed an orc warlord
  9811 | Bailey   | Identified the +5 war axe "Panatin" {vorpal, Int+3}
  9873 | Bailey   | Found a runed translucent gate.
  9875 | Bailey   | Found a runed translucent gate.
  9877 | Bailey   | Found a runed translucent gate.
  9964 | Bailey   | Killed an orc warlord
  9965 | Bailey   | Reached XP level 12. HP: 31/108 MP: 11/11
 10196 | D:12     | Found a shimmering blue altar of Sif Muna.
 10865 | D:13     | Noticed Erolcha
 10873 | D:13     | Killed Erolcha
 10957 | D:13     | Noticed a boulder beetle
 10968 | D:13     | Killed a boulder beetle
 11260 | D:13     | Paralysed by a centaur for 4 turns
 11299 | D:13     | Found a radiant altar of Vehumet.
 11588 | D:13     | Identified a scroll of acquirement
 11593 | D:13     | Reached skill level 10 in Long Blades
 11593 | D:13     | Reached skill level 10 in Dodging
 11593 | D:13     | Reached skill level 1 in Spellcasting
 11593 | D:13     | Reached skill level 1 in Hexes
 11593 | D:13     | Reached skill level 1 in Translocations
 11593 | D:13     | Reached skill level 1 in Evocations
 11593 | D:13     | Reached XP level 13. HP: 116/116 MP: 11/14
 11615 | D:13     | Acquired 931 gold pieces
 11655 | D:14     | Reached skill level 10 in Armour
 11688 | D:14     | Found a gate to the Vaults.
 12018 | D:14     | Reached *** piety under Ashenzari
 12388 | D:15     | Entered Level 15 of the Dungeon
 12494 | D:15     | Found a frozen archway.
 12533 | IceCv    | Entered an ice cave
 12597 | IceCv    | Reached XP level 14. HP: 125/125 MP: 15/15
 12868 | IceCv    | Identified the cursed +0 spear of the Exiled Xeniums
                  | {vorpal, rPois rN+}
 12887 | IceCv    | Found an ancient bone altar of Kikubaaqudgha.
 13439 | D:15     | Found a staircase to the Depths.
 13739 | D:15     | Slain by a cyan ugly thing

Illustrated notes

Levels and vault maps discovered:
D:1:      minmay_arrival_cross, layout_loops_ring
D:2:      layout_loops_ring, kennysheep_nub, minmay_shallow_snake_nest
D:3:      layout_rooms, old_standard_altar
D:4:      old_forge, layout_basic, general_overflow_altar,
          biasface_ghost_orc_armoury, uniq_edmund
D:5:      layout_loops_ring, kennysheep_mini_moat, nicolae_tso_besieged_by_evil,
          basic_altar, minmay_fractal_squares_5, uniq_duvessa
D:6:      layout_cave_pools, trog_ov_bears_minmay, nzn_hepliaklqana_mist_gate,
          elyvilon_altar_5, bloody_makhleb, uniq_maggie, uniq_menkaure,
          uniq_pikel, uniq_blork_the_orc
D:7:      layout_basic, fedhas_altar_3, temple_pool_b
D:8:      layout_basic, nicolae_ru_sacrificial_ziggurat, grunt_ministairs_7,
          grunt_decor_mini_mirrors
D:9:      layout_basic, old_standard_altar, nicolae_qazlal_eye_of_the_storm,
          gammafunk_temple_overflow_statue, xom_shifter_show
D:10:     layout_gridville
D:11:     layout_cave_pools, minmay_lair_entry_grove
D:12:     kennysheep_big_flooded_room, layout_loops_ring, enter_bailey_7,
          basic_altar
D:13:     layout_small_grid, basic_altar, uniq_erolcha
D:14:     layout_basic, erik_vaults_1, columned_hall_lemuel
D:15:     hangedman_depths_entry_civil_slaughter, layout_layer_cave,
          portal_ice_cave_entry_imps, small_statue_intersection
Temple:   compressed_dpeg_triangle_lava_temple

Skill      XL: |  1  2  3  4  5  6  7  8  9 10 11 12 13 14 |
---------------+-------------------------------------------+-----
Long Blades    | 3 4 5 7 8 9 10 11 12 | 12.0
Dodging        | 3 4 5 7 8 9 10 11 | 11.6
Fighting       | 3 4 5 6 8 9 10 11 12 | 12.1
Armour         | 1 2 3 4 6 7 8 9 10 11 | 11.2
Stealth        | 2 |  2.5
Spellcasting   | 1 |  1.6
Hexes          | 1 |  1.6
Translocations | 1 |  1.8
Evocations     | 1 |  1.9
Throwing       | |  1.7

Action                   |  1- 3 |  4- 6 |  7- 9 | 10-12 | 13-15 || total
-------------------------+-------+-------+-------+-------+-------++-------
Melee: Long sword        |   110 |   153 |     5 |       |       ||   268
       Double sword      |       |       |   147 |   279 |   160 ||   586
Throw: Throwing net      |       |     1 |     2 |     2 |       ||     5
Invok: Curse Item        |       |       |       |     2 |       ||     2
Evoke: Wand              |       |       |       |     3 |       ||     3
  Use: Scroll            |       |     6 |     9 |     8 |     3 ||    26
       Potion            |       |     1 |     2 |     3 |     2 ||     8
 Stab: Held in net/web   |       |     1 |       |       |       ||     1
       Distracted        |       |       |       |       |     1 ||     1
Armor: Leather armour    |     6 |       |       |       |       ||     6
       Ring mail         |    32 |    75 |    58 |    76 |    42 ||   283
Dodge: Dodged            |    83 |   127 |   139 |   278 |   175 ||   802
       Rpst.: Long sword |    31 |    39 |     1 |       |       ||    71
       Double sword      |       |       |    38 |    57 |    36 ||   131
